 Dungeon Crawl Stone Soup version 0.31-a0-1620-gcbf77bbcfc (webtiles) character file.

Game seed: 4517806450606262852

28938 KarmaKiller the Bludgeoner (level 13, -33/129 HPs)
             Began as a Gargoyle Berserker on Jan 8, 2024.
             Was a High Priest of Trog.
             Killed from afar by a deep elf pyromancer (37 damage)
             ... with a bolt of fire
             ... on level 12 of the Dungeon on Jan 11, 2024.
             The game lasted 01:21:45 (14855 turns).

KarmaKiller the Bludgeoner (Gargoyle Berserker)    Turns: 14855, Time: 01:21:47

Health: -33/129    AC: 38    Str: 32    XL:     13   Next: 42%
Magic:  13/13      EV:  9    Int: 13    God:    Trog [*****.]
Gold:   1455       SH:  0    Dex:  5    Spells: 12/12 levels left

rFire   . . .        g - +4 morningstar
rCold   . . .        (no shield)
rNeg    + + .        n - +3 plate armour
rPois   ∞            K - +2 helmet
rElec   +            X - +1 cloak "Lozaits" {rElec rPois Str+3}
rCorr   .            H - +1 pair of gloves of Reasonable Beauty {Harm rN+ Will+ Dex-4}
SInv    .            c - +0 pair of boots
Will    +....        V - amulet "Kikku" {RegenMP Regen+ Str+4 Int+4 Slay-3} Stlth
                     r - ring of flight
HPRegen 1.21/turn    (no ring)
MPRegen 0.53/turn

%: harm (+30% outgoing, +20% incoming)
@: berserking (expiring), on fire, flying, glowing, very quick
A: sickness immunity, AC +9, negative energy resistance 1, electricity
resistance, torment resistance 1, petrification resistance
a: Renounce Religion, Berserk, Trog's Hand, Brothers in Arms


You were on level 12 of the Dungeon.
You worshipped Trog.
Trog was extremely pleased with you.
You visited 1 branch of the dungeon, and saw 12 of its levels.

You collected 1455 gold pieces.

Inventory:

Hand Weapons
 g - a +4 morningstar (weapon)
Missiles
 e - 32 poisoned darts (quivered)
 p - 3 atropa-tipped darts
 A - 4 javelins
 L - a throwing net
Armour
 c - a +0 pair of boots (worn)
 n - a +3 plate armour (worn)
 B - the +0 helmet of Vlad {Dex+2}
   (You found it on level 5 of the Dungeon)

   Dex+2:     It affects your dexterity (+2).
 H - the +1 pair of gloves of Reasonable Beauty (worn) {Harm rN+ Will+ Dex-4}
   (You acquired it on level 9 of the Dungeon)

   Dex-4:     It affects your dexterity (-4).
   rN+:       It protects you from negative energy.
   Will+:     It increases your willpower.
   Harm:      It increases damage dealt and taken.
 K - a +2 helmet (worn)
 N - a +1 plate armour of fire resistance
 P - a +2 cloak of stealth
 X - the +1 cloak "Lozaits" (worn) {rElec rPois Str+3}
   (You found it on level 9 of the Dungeon)

   Str+3:     It affects your strength (+3).
   rElec:     It insulates you from electricity.
   rPois:     It protects you from poison
Jewellery
 r - a ring of flight (left hand)
 D - a ring of protection from cold
 J - an amulet of the acrobat
 V - the amulet "Kikku" (around neck) {RegenMP Regen+ Str+4 Int+4 Slay-3}
   (You acquired it on level 8 of the Dungeon)

   [amulet of magic regeneration]

   RegenMP:   It increases your rate of magic regeneration.
   Str+4:     It affects your strength (+4).
   Int+4:     It affects your intelligence (+4).
   Slay-3:    It affects your accuracy & damage with ranged weapons and melee
   (-3).
   Regen+:    It increases your rate of health regeneration.
Talismans
 i - a flux talisman
 I - a beast talisman
 U - a maw talisman
Wands
 d - a wand of flame (54)
 o - a wand of charming (10)
 y - a wand of polymorph (14)
 G - a wand of acid (11)
 M - a wand of digging (4)
 T - a wand of roots (4)
Scrolls
 a - a scroll of teleportation {unknown}
 b - 2 scrolls of immolation
 l - a scroll of vulnerability {unknown}
 q - 3 scrolls of fog
 s - a scroll of brand weapon {unknown}
 t - a scroll of poison {unknown}
 u - a scroll of revelation {unknown}
 w - a scroll of butterflies {unknown}
 O - a scroll of silence {unknown}
 Q - a scroll of torment {unknown}
 W - a scroll of amnesia {unknown}
 Y - 3 scrolls of blinking
Potions
 f - a potion of invisibility
 h - 2 potions of degeneration {unknown}
 j - a potion of enlightenment {unknown}
 k - a potion of brilliance {unknown}
 m - 4 potions of haste {unknown}
 v - a potion of ambrosia {unknown}
 x - a potion of resistance
 z - 2 potions of attraction {unknown}
 C - 3 potions of curing {unknown}
 E - 2 potions of lignification {unknown}
 F - 2 potions of heal wounds {unknown}
 S - a potion of berserk rage {unknown}
Miscellaneous
 R - a lightning rod (4/4)
 Z - a tin of tremorstones (2/2)


   Skills:
 + Level 12.0 Fighting
 + Level 16.3 Maces & Flails
 + Level 12.0 Armour
 + Level 3.3 Dodging
 + Level 2.6 Stealth
 + Level 0.9 Evocations


You had 12 spell levels left.
You didn't know any spells.
Your spell library was empty.

Dungeon Overview and Level Annotations

Branches:
Dungeon (12/15)            Temple (0/1) D:4            Lair (0/5) D:8
    Orc (0/2) D:9

Altars:
Ashenzari
Cheibriados
Elyvilon
Fedhas
Gozag
Okawaru
Ru
Trog
Uskayaw
Xom
Zin
The Shining One

Annotations:
D:5 2 transporters, Taul's ghost, novice MiFi


Innate Abilities, Weirdness & Mutations

You are immune to sickness and miasma.
Your stone body is resilient. (AC +9)
You are immune to poison.
You resist negative energy. (rN+)
You are resistant to electric shocks. (rElec)
You are resistant to unholy torment.
You are immune to petrification.


Message History

The deep elf pyromancer is almost dead.
The liquid fire burns you!
You miss the deep elf pyromancer.
The deep elf pyromancer is almost dead.
The liquid fire burns you!
The deep elf pyromancer hits you but does no damage.
You closely miss the deep elf pyromancer.
The deep elf pyromancer is almost dead.
The liquid fire burns you!
* * * LOW HITPOINT WARNING * * *
You closely miss the deep elf pyromancer.
The deep elf pyromancer is almost dead.
The liquid fire burns you!
* * * LOW HITPOINT WARNING * * *
You miss the deep elf pyromancer.
The deep elf pyromancer is almost dead.
The liquid fire burns you!
* * * LOW HITPOINT WARNING * * *
The deep elf pyromancer completely misses you.
You barely miss the deep elf pyromancer.
The deep elf pyromancer is almost dead.
The liquid fire burns you!
* * * LOW HITPOINT WARNING * * *
You closely miss the deep elf pyromancer.
The deep elf pyromancer is almost dead.
The liquid fire burns you!
* * * LOW HITPOINT WARNING * * *
The deep elf pyromancer barely misses you.
You closely miss the deep elf pyromancer.
You punch the deep elf pyromancer.
The deep elf pyromancer is almost dead.
The liquid fire burns you!
* * * LOW HITPOINT WARNING * * *
You barely miss the deep elf pyromancer.
The deep elf pyromancer is almost dead.
The liquid fire burns you!
* * * LOW HITPOINT WARNING * * *
The deep elf pyromancer points at you and mumbles some strange words.
The bolt of fire hits you!!
You die...

####.#.#
#.#...#
...#.#.#
#.#...# .#
...#...#
#.#...####.####
########
#.##...........
.....#
#.##...........
####.#
#.##...........
.....###
#.##...........
.......#
#..............
...[##.#
####...@e..^...
.......#
#.......:....
....####
#..#..........
....#
#.##..........
....# #..
#..........
....## #.#
#..........
.....### ..
#..........
).........
##...######
....##..>


You could see a deep elf pyromancer.

Vanquished Creatures
  Josephine (D:11)
  Harold (D:10)
  A hydra (D:8)
  5 centaur warriors
  A boulder beetle (D:12)
  A two-headed ogre (D:8)
  A fire crab (D:10)
  Lodul (D:12)
  A deep elf pyromancer (D:10)
  2 ugly things
  A meliai (shapeshifter) (D:8)
  Joseph (D:10)
  3 gargoyles
  A tengu conjurer (D:11)
  3 komodo dragons
  3 trolls (D:11)
  A polar bear (shapeshifter) (D:10)
  A hornet (D:10)
  Grinder (D:3)
  3 shadows (D:10)
  Eustachio (D:4)
  7 wraiths
  A vampire (D:10)
  A wyvern (D:10)
  31 yaks
  11 vampire mosquitoes
  A steam dragon (D:8)
  A warg (D:9)
  2 acid dragons
  4 water moccasins
  Duvessa (D:7)
  A sky beast (D:6)
  5 black bears
  2 ice beasts
  6 orc warriors
  9 ogres
  A wolf (D:9)
  6 centaurs
  7 kobold brigands
  5 bullfrogs
  13 scorpions
  5 wights
  Dowan (D:7)
  6 jellies
  10 killer bees
  A howler monkey (D:10)
  3 hounds
  3 bombardier beetles
  6 orc priests
  A gnoll bouda (D:5)
  Natasha (twice) (D:4)
  7 iguanas
  10 orc wizards
  Ijyb (D:4)
  Robin (D:4)
  12 gnolls (D:5)
  14 adders
  4 shadow imps (D:7)
  A white imp (D:7)
  5 dart slugs
  4 ribbon worms
  37 orcs
  5 endoplasms
  6 giant cockroaches
  13 goblins
  16 hobgoblins
  4 jackals (D:3)
  2 quokkas
  3 ball pythons
  6 bats
  6 frilled lizards
  64 kobolds
  7 rats
  A butterfly (D:7)
416 creatures vanquished.

Vanquished Creatures (collateral kills)
  A centaur warrior (D:8)
  A cyclops (D:8)
  A troll (D:8)
  A wraith (D:8)
  2 steam dragons (D:8)
  2 black bears (D:8)
  A howler monkey (D:8)
  An orc wizard (D:8)
  2 orcs (D:8)
12 creatures vanquished.

Grand Total: 428 creatures vanquished

Notes
Turn   | Place    | Note
-------+----------+-------------------------------------------
     0 | D:1      | KarmaKiller the Gargoyle Berserker began the quest for the
                  | Orb.
     0 | D:1      | Reached XP level 1. HP: 14/14 MP: 1/1
   242 | D:1      | Reached XP level 2. HP: 19/19 MP: 2/2
   756 | D:1      | Reached XP level 3. HP: 23/23 MP: 3/3
   830 | D:1      | Reached ** piety under Trog
  1537 | D:2      | Reached skill level 4 in Maces & Flails
  1579 | D:2      | Reached XP level 4. HP: 28/29 MP: 4/4
  2657 | D:3      | Reached XP level 5. HP: 31/33 MP: 5/5
  2746 | D:3      | Noticed Grinder
  2752 | D:3      | Paralysed by Grinder for 5 turns
  2759 | D:3      | Killed Grinder
  2760 | D:3      | Reached skill level 5 in Maces & Flails
  2760 | D:3      | Reached skill level 1 in Stealth
  2760 | D:3      | Reached XP level 6. HP: 30/39 MP: 6/6
  3092 | D:4      | Found a staircase to the Ecumenical Temple.
  3099 | D:4      | Noticed Eustachio
  3115 | D:4      | Killed Eustachio
  3116 | D:4      | Reached skill level 5 in Fighting
  3116 | D:4      | Reached XP level 7. HP: 12/44 MP: 7/7
  3118 | D:4      | Reached skill level 6 in Maces & Flails
  3311 | D:4      | Reached *** piety under Trog
  3379 | D:4      | Noticed Robin
  3379 | D:4      | Noticed Ijyb
  3390 | D:4      | Killed Ijyb
  3391 | D:4      | Killed Robin
  3654 | D:4      | Upgraded the game from 0.31-a0-1611-g890cdf5628 to
                  | 0.31-a0-1612-g4aaf141004
  3707 | D:4      | Reached XP level 8. HP: 51/51 MP: 8/8
  3802 | D:4      | Reached skill level 7 in Maces & Flails
  3855 | D:4      | Noticed Natasha
  3859 | D:4      | Killed Natasha
  4239 | D:4      | Noticed Natasha
  4248 | D:4      | Killed Natasha
  4511 | D:5      | Entered Level 5 of the Dungeon
  4511 | D:5      | Noticed Taul's ghost (novice MiFi)
  4511 | D:5      | Found a transporter.
  4511 | D:5      | Found a transporter.
  4815 | D:5      | Found an opulent altar of Gozag.
  4822 | D:5      | Found a blossoming altar of Fedhas.
  4823 | D:5      | Found a glowing golden altar of the Shining One.
  4825 | D:5      | Found a broken altar of Ashenzari.
  4854 | D:5      | Reached skill level 5 in Armour
  4933 | D:5      | Reached skill level 8 in Maces & Flails
  5184 | D:5      | Reached XP level 9. HP: 55/55 MP: 9/9
  5193 | D:5      | Identified the +0 helmet of Vlad {Dex+2}
  5236 | D:5      | Reached **** piety under Trog
  5456 | D:5      | Reached skill level 9 in Maces & Flails
  6146 | D:6      | Reached ***** piety under Trog
  6230 | D:6      | Found a white marble altar of Elyvilon.
  6329 | D:6      | Found an iron altar of Okawaru.
  6786 | D:6      | Upgraded the game from 0.31-a0-1612-g4aaf141004 to
                  | 0.31-a0-1620-gcbf77bbcfc
  6989 | D:7      | Reached skill level 10 in Maces & Flails
  7253 | D:7      | Found a sacrificial altar of Ru.
  7253 | D:7      | Found a hide-covered altar of Uskayaw.
  7254 | D:7      | Found a shimmering altar of Xom.
  7342 | D:7      | Noticed Duvessa
  7345 | D:7      | Noticed Dowan
  7353 | D:7      | Killed Duvessa
  7354 | D:7      | Reached XP level 10. HP: 63/63 MP: 10/10
  7355 | D:7      | Killed Dowan
  7656 | D:7      | Received a gift from Trog
  7864 | D:7      | Found a runed translucent door.
  7866 | D:7      | Found a runed translucent door.
  7919 | D:7      | Reached skill level 11 in Maces & Flails
  8802 | D:8      | Identified the staff of the Riding Stoat {*Corrode rElec
                  | rN+ MP+9 SInv Necro}
  8833 | D:8      | Found a sacrificial altar of Ru.
  8834 | D:8      | Found a glowing golden altar of the Shining One.
  8845 | D:8      | Noticed a meliai
  8847 | D:8      | Noticed a two-headed ogre
  8850 | D:8      | Killed a meliai
  8851 | D:8      | Reached skill level 12 in Maces & Flails
  8852 | D:8      | Noticed a five-headed hydra
  8854 | D:8      | Killed a two-headed ogre
  8855 | D:8      | Reached XP level 11. HP: 69/69 MP: 11/11
  8861 | D:8      | Killed a five-headed hydra
  8861 | D:8      | Noticed a centaur warrior
  8874 | D:8      | Killed a centaur warrior
  8881 | D:8      | Noticed a cyclops
  8891 | D:8      | Noticed a centaur warrior
  8895 | D:8      | Killed a cyclops
  8896 | D:8      | Reached skill level 13 in Maces & Flails
  8897 | D:8      | Killed a centaur warrior
  9050 | D:8      | Identified the +1 robe "Ogoil" {rElec rF++ rCorr Str-4}
  9283 | D:8      | Found a snail-covered altar of Cheibriados.
  9283 | D:8      | Found a glowing silver altar of Zin.
  9579 | D:8      | Identified the staff of the Extremely Mad {rN+ Necro Fire}
  9785 | D:8      | Found a staircase to the Lair.
 10222 | D:8      | Identified 2 scrolls of acquirement
 10222 | D:8      | Acquired the amulet "Kikku" {RegenMP Regen+ Str+4 Int+4
                  | Slay-3}
 10500 | D:9      | Identified the +1 cloak "Lozaits" {rElec rPois Str+3}
 10577 | D:9      | Found a staircase to the Orcish Mines.
 10685 | D:9      | Acquired the +1 pair of gloves of Reasonable Beauty {Harm
                  | rN+ Will+ Dex-4}
 11097 | D:9      | Reached skill level 10 in Fighting
 11105 | D:9      | Reached skill level 10 in Armour
 11177 | D:9      | Found a bloodstained altar of Trog.
 11404 | D:9      | Reached XP level 12. HP: 77/77 MP: 12/12
 11579 | D:10     | Entered Level 10 of the Dungeon
 11620 | D:10     | Noticed a centaur warrior
 11622 | D:10     | Noticed a centaur warrior
 11632 | D:10     | Killed a centaur warrior
 11633 | D:10     | Reached skill level 14 in Maces & Flails
 11635 | D:10     | Killed a centaur warrior
 11700 | D:10     | Noticed Harold
 11726 | D:10     | Killed Harold
 12072 | D:10     | Noticed Joseph
 12080 | D:10     | Killed Joseph
 12191 | D:10     | Noticed a centaur warrior
 12213 | D:10     | Killed a centaur warrior
 12532 | D:10     | Noticed a centaur warrior
 12540 | D:10     | Killed a centaur warrior
 12755 | D:10     | Reached skill level 15 in Maces & Flails
 13369 | D:11     | Noticed Josephine
 13387 | D:11     | Killed Josephine
 13480 | D:11     | Reached XP level 13. HP: 73/84 MP: 13/13
 14214 | D:12     | Noticed Lodul
 14310 | D:12     | Killed Lodul
 14323 | D:12     | Reached skill level 16 in Maces & Flails
 14855 | D:12     | HP: 3/129 [burnt (8)]
 14855 | D:12     | Killed from afar by a deep elf pyromancer

Illustrated notes

Levels and vault maps discovered:
D:1:      onia_arrival_pentagram, layout_loops_corners
D:2:      layout_basic
D:3:      layout_loops_ring, uniq_grinder
D:4:      black_bear_nest_2, layout_gridville,
          minmay_temple_entry_drinking_statues, nicolae_goblin_pals,
          uniq_natasha, uniq_eustachio
D:5:      minmay_goblin_kobold_castle, layout_loops_cross,
          grunt_temple_overflow_open, gammafunk_ghost_mausoleum
D:6:      layout_loops_ring, okawaru_trees_1, general_overflow_altar,
          nicolae_half_adder
D:7:      lemuel_insect_pit, layout_loops_ring, gammafunk_temple_overflow_claw,
          minmay_fractal_squares_5, uniq_duvessa
D:8:      minmay_the_grid_octo_triangle [minmay_the_grid_octo_chip,
          minmay_the_grid_octo_prize_star, minmay_the_grid_octo_shrine],
          layout_basic, due_lair_maze_entry_diamond
D:9:      layout_roguey, mainiacjoe_overflow_alcove_1,
          minmay_orc_entry_guard_dogs, minivault_5, serial_bayou_pond_c,
          minmay_holes, minivault_22
D:10:     minmay_shrinking_squares, layout_basic, nicolae_doodle_vault,
          uniq_joseph, uniq_harold
D:11:     layout_stronghold, uniq_josephine
D:12:     layout_basic, uniq_lodul

Skill      XL: |  1  2  3  4  5  6  7  8  9 10 11 12 13 |
---------------+----------------------------------------+-----
Maces & Flails | 4 5 6 8 10 12 13 15 16 | 16.3
Fighting       | 4 5 6 7 8 10 11 12 | 12.0
Dodging        | 2 3 |  3.3
Armour         | 3 4 5 7 8 10 11 12 | 12.0
Stealth        | 1 2 |  2.6
Evocations     | |  0.9

Action                     |  1- 3 |  4- 6 |  7- 9 | 10-12 | 13-15 || total
---------------------------+-------+-------+-------+-------+-------++-------
  Melee: Mace              |   112 |    70 |       |       |       ||   182
         Punch             |     1 |     1 |     7 |     5 |     2 ||    16
         Morningstar       |       |    46 |   444 |   578 |   146 ||  1214
  Throw: Dart              |       |       |     1 |       |       ||     1
 Invoke: Berserk           |     2 |     3 |    11 |    17 |     3 ||    36
         Trog's Hand       |       |       |       |     1 |       ||     1
         Brothers in Arms  |       |       |       |     1 |       ||     1
  Evoke: Wand              |       |       |       |     5 |       ||     5
    Use: Scroll            |       |     5 |     5 |     7 |     2 ||    19
         Potion            |       |     1 |     1 |     1 |     1 ||     4
   Stab: Invisible         |       |     2 |     1 |       |       ||     3
 Armour: Animal skin       |    47 |       |       |       |       ||    47
         Chain mail        |    56 |     2 |       |       |       ||    58
         Leather armour    |     1 |       |       |       |       ||     1
         Plate armour      |       |   120 |   480 |   689 |    92 ||  1381
  Dodge: Dodged            |    67 |    46 |   201 |   276 |    45 ||   635

Table legend: (Time is in decaauts)
 A = Elapsed time spent in this place.
 B = Non-inter-level travel time spent in this place.
 C = Inter-level travel time spent in this place.
 D = Time resting spent in this place.
 E = Time spent auto-exploring this place.
 F = Levels seen in this place.
 G = Mean time per level.
                   A        B        C        D        E       F      G
               +--------+--------+--------+--------+--------+-----+--------+
         Total |  15081 |  14789 |    292 |   2519 |      0 |  12 | 1256.8 |
       Dungeon |  15081 |  14789 |    292 |   2519 |      0 |  12 | 1256.8 |
               +--------+--------+--------+--------+--------+-----+--------+

Top non-repeatable levels by time:
     D:8: 1876 daAuts
     D:7: 1596 daAuts
    D:10: 1493 daAuts
     D:4: 1467 daAuts
     D:5: 1403 daAuts
     D:9: 1344 daAuts
    D:11: 1247 daAuts
     D:2: 1088 daAuts
     D:1: 1080 daAuts
     D:3: 1005 daAuts
     D:6: 940 daAuts
    D:12: 535 daAuts
